 Dungeon Crawl Stone Soup version 0.26-a0-667-g92642533e4 (console) character file.

Game seed: 17263330637234197184

5249 om the Nimble (level 10, -9/59 HPs)
             Began as a Kobold Enchanter on Oct 16, 2020.
             Was a Follower of Dithmenos.
             Mangled by a death yak (29 damage)
             ... on level 8 of the Dungeon.
             The game lasted 00:22:08 (11822 turns).

om the Nimble (Kobold Enchanter)                   Turns: 11822, Time: 00:22:08

Health: -9/59      AC:  2    Str:  7    XL:     10   Next: 93%
Magic:  13/16      EV: 35    Int: 19    God:    Dithmenos [*.....]
Gold:   304        SH:  0    Dex: 20    Spells: 6/17 levels left

rFire    . . .     SeeInvis .   (weapon currently unavailable)
rCold    . . .     Faith    .   (shield currently unavailable)
rNeg     . . .     Spirit   .   (armour currently unavailable)
rPois    x         Reflect  .   (helmet currently unavailable)
rElec    .         Harm     .   (cloak currently unavailable)
rCorr    .         Rampage  .   (gloves currently unavailable)
MR       .....                  (boots currently unavailable)
Stlth    ++++++++..             (no amulet)
HPRegen  0.19/turn              A - +4 ring of evasion
MPRegen  0.15/turn              x - ring of stealth

@: spider-form, wreathed by umbra
A: tiny, nightstalker 3
a: End Transformation, Renounce Religion


You were on level 8 of the Dungeon.
You worshipped Dithmenos.
Dithmenos was aware of your devotion.
You were a venomous arachnid creature.
You visited 2 branches of the dungeon, and saw 9 of its levels.

You collected 425 gold pieces.
You spent 121 gold pieces at shops.

Inventory:

Hand Weapons
 a - a +1 dagger
 c - a +0 dagger of venom (melded)
Armour
 b - a +0 robe
 g - a +0 pair of gloves (melded)
 r - a +2 pair of boots (melded)
 E - +1 steam dragon scales (melded)
Jewellery
 f - an uncursed ring of protection from cold
 t - an uncursed ring of poison resistance
 x - a ring of stealth (right front leg)
 A - a +4 ring of evasion (left front leg)
Wands
 n - a wand of polymorph (9)
 G - a wand of iceblast (23)
 H - a wand of flame (11)
Scrolls
 d - 3 scrolls of remove curse
 h - a scroll of magic mapping
 j - 2 scrolls of random uselessness
 w - a scroll of teleportation
 y - 2 scrolls of enchant weapon {unknown}
 z - a scroll of amnesia {unknown}
 C - 2 scrolls of enchant armour
 F - a scroll of noise {unknown}
Potions
 e - a potion of curing
 i - 2 potions of degeneration
 m - a potion of invisibility
 o - 2 potions of brilliance
 p - a potion of might {unknown}
 q - a potion of ambrosia
 s - a potion of heal wounds {unknown}
 u - 2 potions of cancellation {unknown}
 v - 2 potions of stabbing
 D - a potion of magic {unknown}


   Skills:
 + Level 5.4 Fighting
 - Level 10.0 Short Blades
 * Level 10.3 Dodging
 - Level 10.0 Stealth
 - Level 4.0 Spellcasting
 - Level 4.0 Hexes
 * Level 4.4 Transmutations
 - Level 1.1 Ice Magic


You had 6 spell levels left.
You knew the following spells:

 Your Spells              Type           Power        Failure   Level
a - Corona                Hex            ###....      10%         1
b - Ensorcelled Hibernat  Hex/Ice        ##....       21%         2
c - Magic Dart            Conj           #...         32%         1
d - Confusing Touch       Hex            ###.....     21%         3
e - Beastly Appendage     Tmut           ###...       9%          1
f - Spider Form           Tmut/Pois      ##........   36%         3

Your spell library contained the following spells:

 Spells                   Type           Power        Failure   Level
 Wereblood                Tmut           ###.....     11%         2
 Tukima's Dance           Hex            ###.....     21%         3
 Summon Small Mammal      Summ           #...         32%         1
 Dazzling Flash           Conj/Hex       ##....       38%         3
 Summon Guardian Golem    Hex/Summ       ##......     38%         3
 Call Imp                 Summ           #.......     41%         2
 Call Canine Familiar     Summ           #.......     61%         3
 Gell's Gravitas          Tloc           #.........   61%         3
 Ice Form                 Ice/Tmut       ##......     63%         4
 Petrify                  Tmut/Erth      ##......     71%         4
 Blade Hands              Tmut           ###.......   73%         5
 Yara's Violent Unravell  Hex/Tmut       ###.......   77%         5
 Summon Ice Beast         Ice/Summ       #.......     88%         4
 Summon Lightning Spire   Summ/Air       #.......     92%         4
 Metabolic Englaciation   Hex/Ice        ##........   92%         5


Dungeon Overview and Level Annotations

Branches:
Dungeon (8/15)             Temple (1/1) D:6
   Lair: D:8-11

Altars:
Ashenzari
Cheibriados
Dithmenos
Elyvilon
Fedhas
Gozag
Hepliaklqana
Kikubaaqudgha
Makhleb
Nemelex Xobeh
Okawaru
Qazlal
Ru
Sif Muna
Trog
Vehumet
Wu Jian
Xom
Yredelemnul
The Shining One

Shops:
D:5 **[:

Annotations:
D:4 3 runed translucent doors, Rennog's ghost, novice GrBe


Innate Abilities, Weirdness & Mutations

You are small and have problems with some larger weapons.
You are completely attuned to the shadows.


Message History

You finish memorising.
Spell assigned to 'f'.
You see here a hunting sling.
A death yak comes into view.
Things that are here:
a +0 vorpal halberd; +0 steam dragon scales; 2 potions of stabbing
Casting: Ensorcelled Hibernation (safe; 8% risk of failure)
Confirm with . or Enter, or press ? or * to list all spells.
You turn into a venomous arachnid creature.
Your +0 dagger of venom melds into your body.
Your +0 pair of gloves melds into your body.
Your +2 pair of boots melds into your body.
Your +1 steam dragon scales melds into your body.
Your +0 dagger of venom stops dripping with poison.
The death yak bellows!
You hear a bellow! x3
A death yak comes into view.
You completely miss the death yak. The death yak gores you!
You hit the death yak.
The death yak is poisoned.
The death yak is lightly wounded.
The death yak gores you!! x2
You die...

...## #..<...........##
..######..............##
.......................#
.......................##
#...................#...#
#.......)...........##..##
.......##..........###...#
.......#####.......# ##..##
.......# ####...## #...# .......#
#)..# ##..####### .......#
##.sY######......... ......##
###...YY..##.......... .<....#
####....#........#.......
.....####....######.....#........
.....#....#### #.Y......#.....
)......#### #......)..#....
....#### #........Y..... .####
##...... ##


You could see 4 death yaks.

Vanquished Creatures
  Erica (D:7)
  Maggie (D:8)
  Prince Ribbit (D:5)
  Grinder (D:6)
  Sigmund (D:5)
  Grum (D:7)
  2 steam dragons (D:7)
  An acid dragon (D:4)
  2 orc warriors (D:7)
  A phantom (D:4)
  3 ice beasts
  3 ogres
  A black bear (D:8)
  2 wolves (D:7)
  2 centaurs (D:7)
  Blork the orc (D:5)
  3 bullfrogs
  3 gnoll sergeants (D:7)
  2 scorpions (D:7)
  4 wights (D:8)
  2 bullfrog zombies (D:5)
  A quasit (D:5)
  4 gnoll shamans (D:7)
  13 hounds
  An orc priest (D:3)
  4 orc wizards
  A bullfrog skeleton (D:8)
  7 worker ants
  A killer bee zombie (D:5)
  2 hound zombies
  A hound skeleton (D:5)
  11 gnolls (D:7)
  A howler monkey skeleton (D:4)
  8 adders
  A shadow imp (D:7)
  5 white imps
  3 oozes
  An adder zombie (D:7)
  3 adder skeletons
  3 worms
  3 dart slugs
  4 leopard geckos
  20 orcs
  9 bats
  8 giant cockroaches
  5 goblins
  2 hobgoblins
  2 jackals (D:7)
  3 quokkas
  A ball python (D:5)
  5 frilled lizards
  A jackal skeleton (D:5)
  5 kobolds
  A quokka skeleton (D:7)
  6 rats
184 creatures vanquished.

Vanquished Creatures (others)
  5 plants (D:7)
5 creatures vanquished.

Grand Total: 189 creatures vanquished

Notes
Turn   | Place    | Note
-------+----------+-------------------------------------------
     0 | D:1      | om the Kobold Enchanter began the quest for the Orb.
     0 | D:1      | Reached XP level 1. HP: 10/10 MP: 3/3
   107 | D:1      | Reached XP level 2. HP: 13/15 MP: 3/5
   292 | D:1      | Learned a level 2 spell: Ensorcelled Hibernation
   648 | D:1      | Reached XP level 3. HP: 16/19 MP: 3/6
  1554 | D:2      | Found a faded altar of an unknown god.
  1722 | D:2      | Reached skill level 5 in Stealth
  1722 | D:2      | Reached XP level 4. HP: 24/24 MP: 7/7
  2047 | D:2      | Found a radiant altar of Vehumet.
  2050 | D:2      | Identified Vehumet's Guide on Confrontation
  2054 | D:2      | Found a shimmering blue altar of Sif Muna.
  2056 | D:2      | Found an ancient bone altar of Kikubaaqudgha.
  2135 | D:2      | Learned a level 1 spell: Magic Dart
  2139 | D:2      | Learned a level 3 spell: Confusing Touch
  2352 | D:3      | Found a shimmering altar of Xom.
  2353 | D:3      | Found a shimmering altar of Xom.
  2813 | D:3      | Noticed an ogre
  2822 | D:3      | Killed an ogre
  2822 | D:3      | Reached skill level 1 in Ice Magic
  2822 | D:3      | Reached XP level 5. HP: 28/28 MP: 3/8
  3309 | D:3      | Reached XP level 6. HP: 33/33 MP: 6/10
  3631 | D:4      | Reached skill level 1 in Fighting
  3713 | D:4      | Noticed Edmund
  3718 | D:4      | Noticed Edmund
  3718 | D:4      | Edmund changed into Edmund the acid dragon
  3724 | D:4      | Killed Edmund the acid dragon
  3724 | D:4      | Reached XP level 7. HP: 14/39 MP: 2/11
  3935 | D:4      | Found a runed translucent gate.
  3936 | D:4      | Found a runed translucent gate.
  3936 | D:4      | Found an opulent altar of Gozag.
  3937 | D:4      | Found a runed translucent gate.
  4951 | D:4      | Noticed Rennog's ghost (novice GrBe)
  4996 | D:4      | Found a bloodstained altar of Trog.
  4998 | D:4      | Found a sacrificial altar of Ru.
  5050 | D:5      | Entered Level 5 of the Dungeon
  5050 | D:5      | Found Exkiwez's Armour Shoppe.
  5091 | D:5      | Found Ureul's Book Shop.
  5165 | D:5      | Found an ornate altar of the Wu Jian Council.
  5251 | D:5      | Reached skill level 5 in Short Blades
  5574 | D:5      | Found Xyfirauf's Assorted Antiques.
  5574 | D:5      | Found Colomeg's General Store.
  5577 | D:5      | Bought a scroll of identify for 48 gold pieces
  5577 | D:5      | Bought a scroll labeled UTUDYCWOSCHO for 24 gold pieces
  5586 | D:5      | Bought a scroll of magic mapping for 49 gold pieces
  5592 | D:5      | Noticed Blork the orc
  5596 | D:5      | Killed Blork the orc
  5596 | D:5      | Reached XP level 8. HP: 44/44 MP: 12/12
  5822 | D:5      | Reached skill level 5 in Dodging
  5847 | D:5      | Noticed Sigmund
  5851 | D:5      | Killed Sigmund
  5938 | D:5      | Noticed Prince Ribbit
  5941 | D:5      | Killed Prince Ribbit
  5941 | D:5      | Reached skill level 10 in Stealth
  6041 | D:6      | Reached XP level 9. HP: 48/48 MP: 13/13
  6044 | D:6      | Noticed Grinder
  6048 | D:6      | Killed Grinder
  7056 | D:6      | Found an iron altar of Okawaru.
  7077 | D:6      | Found a staircase to the Ecumenical Temple.
  7139 | Temple   | Entered the Ecumenical Temple
  7917 | D:7      | Found a shadowy altar of Dithmenos.
  7924 | D:7      | Became a worshipper of Dithmenos the Shadowed
  8316 | D:7      | Learned a level 1 spell: Beastly Appendage
  8481 | D:7      | Found a blossoming altar of Fedhas.
  8526 | D:7      | Reached skill level 1 in Transmutations
  8883 | D:7      | Reached XP level 10. HP: 51/57 MP: 1/14
  9006 | D:6      | Reached * piety under Dithmenos
  9258 | D:7      | Found a glowing golden altar of the Shining One.
  9622 | D:7      | Noticed Grum
  9625 | D:7      | Killed Grum
 10342 | D:8      | Noticed a death yak
 10710 | D:8      | Noticed Erica
 10732 | D:7      | Reached skill level 5 in Fighting
 10979 | D:7      | Killed Erica
 10979 | D:7      | Reached skill level 10 in Short Blades
 10979 | D:7      | Reached skill level 10 in Dodging
 11332 | D:8      | Noticed a death yak
 11608 | D:8      | Noticed Maggie
 11609 | D:8      | Noticed a death yak
 11627 | D:8      | Noticed a death yak
 11628 | D:8      | Killed Maggie
 11782 | D:8      | Noticed a death yak
 11800 | D:8      | Learned a level 3 spell: Spider Form
 11818 | D:8      | Noticed a death yak
 11820 | D:8      | Noticed a death yak
 11822 | D:8      | Mangled by a death yak

Illustrated notes

Levels and vault maps discovered:
D:1:      nicolae_arrival_memento_mori, layout_basic
D:2:      layout_loops_ring, grunt_temple_overflow_magic_moments,
          chequers_ecumenical_altar_lobes, minmay_box_of_dots
D:3:      layout_rooms, xom_redecorated
D:4:      layout_basic, minitemple, ebering_ghost_gozag, uniq_edmund
D:5:      layout_loops_ring, lemuel_crystal_altar, serial_shops, shop,
          nicolae_shop_temple_entry_statues_fountains, shop_statue, shop,
          uniq_blork_the_orc, uniq_sigmund, uniq_prince_ribbit1
D:6:      layout_gridville, minmay_temple_entry_poolview, basic_altar,
          uniq_grinder
D:7:      cheibrodos_steamvent, layout_cave_pools, lemuel_round_altar,
          nicolae_dithmenos_the_darkroom, fedhas_ov_isle_minmay,
          serial_gnoll_camp, gnoll_camp_mini_hut, gnoll_camp_mini_house,
          gnoll_camp_huts_basic, gnoll_camp_mini_house, gnoll_camp_mini_hut,
          grums_kennel
D:8:      layout_cave_pods, dpeg_lair_monsters, uniq_gastronok, uniq_maggie,
          uniq_erica
Temple:   jpeg_temple_island

Skill      XL: |  1  2  3  4  5  6  7  8  9 10 |
---------------+-------------------------------+-----
Short Blades   | 2 3 4 5 6 8 10 | 10.0
Stealth        | 5 6 7 8 10 | 10.0
Ice Magic      | 1 |  1.1
Fighting       | 1 2 4 5 |  5.4
Dodging        | 3 4 6 8 10 | 10.3
Spellcasting   | 3 4 |  4.0
Hexes          | 4 |  4.0
Transmutations | 1 4 |  4.4

Action                   |  1- 3 |  4- 6 |  7- 9 | 10-12 || total
-------------------------+-------+-------+-------+-------++-------
Melee: Dagger            |    61 |    48 |   353 |   252 ||   714
       Unarmed           |       |       |       |     2 ||     2
       Headbutt          |       |       |       |     2 ||     2
 Cast: Corona            |     2 |       |     1 |     1 ||     4
       Ensorcelled Hiber |     9 |    16 |    54 |    23 ||   102
       Confusing Touch   |       |       |    14 |    23 ||    37
       Spider Form       |       |       |       |     1 ||     1
       Beastly Appendage |       |       |       |     1 ||     1
Evoke: Wand              |       |     1 |       |     3 ||     4
  Use: Scroll            |     2 |     6 |     3 |     4 ||    15
       Potion            |       |       |     2 |     6 ||     8
 Stab: Sleeping          |    24 |    29 |    52 |    22 ||   127
       Confused          |       |       |     9 |    13 ||    22
Armor: Robe              |     5 |     4 |    23 |       ||    32
       Steam dragon scal |       |       |    17 |    32 ||    49
       Skin              |       |       |       |     5 ||     5
Dodge: Dodged            |    42 |    22 |   320 |   216 ||   600

Table legend: (Time is in decaauts)
 A = Elapsed time spent in this place.
 B = Non-inter-level travel time spent in this place.
 C = Inter-level travel time spent in this place.
 D = Time resting spent in this place.
 E = Time spent auto-exploring this place.
 F = Levels seen in this place.
 G = Mean time per level.
                   A        B        C        D        E       F      G
               +--------+--------+--------+--------+--------+-----+--------+
         Total |  11601 |  11308 |    293 |   4387 |   5167 |   9 | 1289.0 |
       Dungeon |  11265 |  10998 |    267 |   4387 |   4857 |   8 | 1408.1 |
        Temple |    335 |    310 |     25 |      0 |    309 |   1 |  335.0 |
               +--------+--------+--------+--------+--------+-----+--------+

Top non-repeatable levels by time:
     D:7: 3090 daAuts
     D:4: 1508 daAuts
     D:5: 1271 daAuts
     D:1: 1248 daAuts
     D:3: 1136 daAuts
     D:2: 1131 daAuts
     D:6: 1099 daAuts
     D:8: 779 daAuts
  Temple: 335 daAuts
